 Dungeon Crawl Stone Soup version 0.26-a0-546-g3c2127501a (webtiles) character file.

Game seed: 1845388857712095239

2839 MrRokkomies the Jinx (level 9, 0/57 HPs)
             Began as a Vampire Enchanter on Aug 19, 2020.
             Was an Initiate of Sif Muna.
             Slain by a two-headed ogre
             ... wielding a +0 giant club
              (18 damage)
             ... on level 8 of the Dungeon.
             The game lasted 00:14:48 (7424 turns).

MrRokkomies the Jinx (Vampire Enchanter)            Turns: 7424, Time: 00:14:49

Health: 0/57       AC:  4    Str:  7    XL:     9   Next: 46%
Magic:  7/12       EV: 15    Int: 21    God:    Sif Muna [......]
Gold:   326        SH:  0    Dex: 14    Spells: 4/12 levels left

rFire    . . .     SeeInvis +   a - +1 dagger (venom)
rCold    . . .     Faith    .   (no shield)
rNeg     . . .     Spirit   .   b - +0 robe
rPois    .         Reflect  .   (no helmet)
rElec    .         Harm     .   g - +0 cloak {MR+}
rCorr    .                      (no gloves)
MR       +....                  v - +0 pair of boots
Stlth    +++.......             u - amulet of regeneration
HPRegen  0.79/turn              l - ring of attention (curse)
MPRegen  0.13/turn              (no ring)

@: regenerating quickly
A: fangs 3, see invisible, unbreathing
a: Exsanguinate, Renounce Religion


You were on level 8 of the Dungeon.
You worshipped Sif Muna.
Sif Muna was noncommittal.
You visited 2 branches of the dungeon, and saw 9 of its levels.

You collected 326 gold pieces.

Inventory:

Hand Weapons
 a - a +1 dagger of venom (weapon)
Missiles
 e - 3 atropa-tipped darts
 h - 9 boomerangs (quivered)
 m - 5 poisoned darts
 r - 6 silver javelins
Armour
 b - a +0 robe (worn)
 g - a +0 cloak of magic resistance (worn)
 v - a +0 pair of boots (worn)
Jewellery
 l - a cursed ring of attention (left hand)
 u - an amulet of regeneration (around neck)
Wands
 c - a wand of paralysis (11)
 f - a wand of enslavement (11)
 p - a wand of iceblast (5)
 y - a wand of digging (6)
 A - a wand of random effects (13)
Scrolls
 k - 2 scrolls of blinking
 o - a scroll of teleportation
 t - 3 scrolls of identify
Potions
 d - 5 potions of curing
 i - 2 potions of lignification {unknown}
 j - 3 potions of berserk rage
 n - a potion of invisibility {unknown}
 q - a potion of flight {unknown}
 s - a potion of mutation {unknown}
 w - a potion of cancellation {unknown}
 x - a potion of magic {unknown}
 z - 2 potions of might {unknown}


   Skills:
 * Level 8.3 Short Blades
 + Level 6.2 Dodging
 + Level 9.4 Stealth
 - Level 2.0 Spellcasting
 * Level 11.5 Hexes


You had 4 spell levels left.
You knew the following spells:

 Your Spells              Type           Power        Failure   Level
a - Dazzling Flash        Conj/Hex       ####..       4%          3
b - Ensorcelled Hibernat  Hex/Ice        ####..       1%          2
c - Confusing Touch       Hex            ######..     1%          3

Your spell library contained the following spells:

 Spells                   Type           Power        Failure   Level
 Corona                   Hex            ######.      1%          1
 Tukima's Dance           Hex            ######..     1%          3
 Animate Skeleton         Necr           #.....       14%         1
 Apportation              Tloc           #.....       14%         1
 Magic Dart               Conj           #...         14%         1
 Summon Small Mammal      Summ           #...         14%         1
 Fulminant Prism          Conj/Hex       ####......   14%         4
 Searing Ray              Conj           #.....       22%         2
 Iskenderun's Mystic Bla  Conj/Tloc      #.......     82%         4


Dungeon Overview and Level Annotations

Branches:
Dungeon (8/15)             Temple (1/1) D:6
   Lair: D:8-11

Altars:
Ashenzari
Cheibriados
Dithmenos
Elyvilon
Fedhas
Gozag
Hepliaklqana
Makhleb
Nemelex Xobeh
Okawaru
Qazlal
Ru
Sif Muna
Trog
Uskayaw
Vehumet
Wu Jian
Xom
Yredelemnul
Zin
The Shining One


Innate Abilities, Weirdness & Mutations

Your natural rate of healing is unusually fast.
You have razor-sharp teeth.
You have supernaturally acute eyesight. (SInv)
You can survive without breathing.


Message History

The two-headed ogre barely misses you.
Unknown command.
You hit the two-headed ogre.
The two-headed ogre is lightly wounded.
You hit the two-headed ogre but do no damage.
The two-headed ogre is poisoned.
You bite the two-headed ogre, but do no damage.
The two-headed ogre is lightly wounded.
The hippogriff closely misses you. The hippogriff pecks you!
The hippogriff completely misses you.
The two-headed ogre hits you with a +0 giant club!
The two-headed ogre barely misses you.
You barely miss the two-headed ogre.
You bite the two-headed ogre, but do no damage.
The two-headed ogre is lightly wounded.
You barely miss the two-headed ogre. Your bite misses the two-headed ogre.
The two-headed ogre is lightly wounded.
The two-headed ogre is no longer blind.
The two-headed ogre hits you with a +0 giant club!! x2
You die...

... .......##...
#..##.....[#........
....................
....................
#................##
.#.#................
....................
#....<...........#
..........@OH......#
.......#...........#
....................
.......#............
..(.............###.
#....#........#...
#..#.##......###...
# #......# ...


You could see a two-headed ogre (very poisoned) and a hippogriff (blind).

Vanquished Creatures
  5 yaks (D:7)
  A black bear (D:6)
  An ice beast (D:6)
  4 ogres
  A centaur (D:6)
  A big kobold (D:7)
  Blork the orc (D:6)
  3 bullfrogs
  A wyvern zombie (D:6)
  A jelly (D:7)
  9 wights
  A howler monkey (D:6)
  A bullfrog zombie (D:5)
  A hound (D:7)
  Crazy Yiuf (D:3)
  2 orc wizards
  3 orc priests
  A bullfrog skeleton (D:7)
  A gnoll shaman (D:6)
  A worker ant (D:8)
  5 gnolls (D:6)
  17 adders
  A shadow imp (D:7)
  3 white imps
  3 ufetubi
  An ooze (D:2)
  An adder zombie (D:7)
  4 worms
  4 dart slugs
  5 leopard geckos
  10 orcs
  10 bats
  5 giant cockroaches
  7 goblins
  10 hobgoblins
  8 jackals
  A quokka (D:3)
  2 ball pythons
  12 frilled lizards
  12 kobolds
  A leopard gecko zombie (D:5)
  5 rats
167 creatures vanquished.

Notes
Turn   | Place    | Note
-------+----------+-------------------------------------------
     0 | D:1      | MrRokkomies the Vampire Enchanter began the quest for the
                  | Orb.
     0 | D:1      | Reached XP level 1. HP: 13/13 MP: 3/3
   176 | D:1      | Reached XP level 2. HP: 19/19 MP: 5/5
   283 | D:1      | Learned a level 2 spell: Ensorcelled Hibernation
   814 | D:2      | Reached skill level 5 in Hexes
   816 | D:2      | Reached XP level 3. HP: 21/24 MP: 3/6
   821 | D:2      | Learned a level 3 spell: Confusing Touch
  1108 | D:2      | Reached skill level 5 in Stealth
  1110 | D:2      | Reached XP level 4. HP: 23/30 MP: 4/7
  1730 | D:3      | Reached skill level 6 in Hexes
  1762 | D:3      | Found an iron altar of Okawaru.
  1768 | D:3      | Reached XP level 5. HP: 35/35 MP: 8/8
  1781 | D:3      | Learned a level 3 spell: Dazzling Flash
  2022 | D:3      | Found a runed translucent door.
  2023 | D:3      | Noticed Crazy Yiuf
  2144 | D:3      | Found a hazy altar of Hepliaklqana.
  2147 | D:3      | Found a snail-covered altar of Cheibriados.
  2150 | D:3      | Found a glowing golden altar of the Shining One.
  2153 | D:3      | Found an ornate altar of the Wu Jian Council.
  2536 | D:3      | Killed Crazy Yiuf
  2796 | D:4      | Reached XP level 6. HP: 40/41 MP: 6/9
  3365 | D:3      | Reached skill level 7 in Hexes
  3847 | D:5      | Entered Level 5 of the Dungeon
  4057 | D:5      | Reached XP level 7. HP: 46/46 MP: 10/10
  4510 | D:6      | Noticed Blork the orc
  4588 | D:6      | Reached skill level 5 in Short Blades
  4588 | D:6      | Reached skill level 8 in Hexes
  5054 | D:6      | Reached skill level 9 in Hexes
  5054 | D:6      | Reached XP level 8. HP: 25/52 MP: 8/11
  5540 | D:6      | Reached skill level 5 in Dodging
  5871 | D:6      | Killed Blork the orc
  5871 | D:6      | Reached skill level 10 in Hexes
  5956 | D:6      | Found a staircase to the Ecumenical Temple.
  6189 | Temple   | Entered the Ecumenical Temple
  6367 | Temple   | Became a worshipper of Sif Muna the Loreminder
  6791 | D:7      | Reached XP level 9. HP: 47/57 MP: 12/12
  7129 | D:7      | Reached skill level 11 in Hexes
  7411 | D:8      | Noticed a two-headed ogre
  7424 | D:8      | Slain by a two-headed ogre

Illustrated notes

Levels and vault maps discovered:
D:1:      onia_arrival_pyramid, layout_loops_ring
D:2:      layout_basic
D:3:      layout_loops_cross, overflow_temple_1_default,
          grunt_temple_overflow_cloverleaf, solitary_fountain,
          uniq_crazy_yiuf_cottage
D:4:      layout_gridville
D:5:      layout_gridville, minmay_misc_feat_cross, minivault_4
D:6:      layout_cave_pods, minmay_temple_entry_statues, uniq_blork_the_orc
D:7:      layout_basic
D:8:      layout_cave_pools, nemelex_dance_club_becter
Temple:   regret_index_temple_sphere_string

Skill      XL: |  1  2  3  4  5  6  7  8  9 |
---------------+----------------------------+-----
Short Blades   | 2 3 4 5 7 8 |  8.3
Hexes          | 5 6 7 9 10 11 | 11.5
Stealth        | 5 6 7 8 9 |  9.4
Dodging        | 3 4 5 6 |  6.2
Spellcasting   | |  2.0

Action                   |  1- 3 |  4- 6 |  7- 9 || total
-------------------------+-------+-------+-------++-------
Melee: Dagger            |   138 |   273 |   333 ||   744
       Bite              |     6 |    14 |    35 ||    55
Throw: Boomerang         |       |       |     7 ||     7
 Cast: Ensorcelled Hiber |     5 |     7 |    16 ||    28
       Corona            |     1 |       |       ||     1
       Confusing Touch   |       |     1 |    13 ||    14
       Dazzling Flash    |       |       |     9 ||     9
Evoke: Wand              |       |       |     1 ||     1
  Use: Scroll            |     3 |     7 |     5 ||    15
       Potion            |     1 |       |     2 ||     3
 Stab: Sleeping          |     6 |    19 |    12 ||    37
       Confused          |       |     1 |    12 ||    13
       Invisible         |       |       |     5 ||     5
       Paralysed         |       |       |     1 ||     1
Armor: Robe              |    31 |    39 |    26 ||    96
Dodge: Dodged            |   112 |   143 |   186 ||   441

Table legend: (Time is in decaauts)
 A = Elapsed time spent in this place.
 B = Non-inter-level travel time spent in this place.
 C = Inter-level travel time spent in this place.
 D = Time resting spent in this place.
 E = Time spent auto-exploring this place.
 F = Levels seen in this place.
 G = Mean time per level.
                   A        B        C        D        E       F      G
               +--------+--------+--------+--------+--------+-----+--------+
         Total |   7269 |   6847 |    422 |    925 |   4481 |   9 |  807.7 |
       Dungeon |   7069 |   6709 |    360 |    925 |   4343 |   8 |  883.6 |
        Temple |    200 |    139 |     61 |      0 |    138 |   1 |  200.0 |
               +--------+--------+--------+--------+--------+-----+--------+

Top non-repeatable levels by time:
     D:6: 1447 daAuts
     D:3: 1077 daAuts
     D:4: 1015 daAuts
     D:7: 986 daAuts
     D:2: 930 daAuts
     D:5: 823 daAuts
     D:1: 773 daAuts
  Temple: 200 daAuts
     D:8: 14 daAuts
